 Dungeon Crawl Stone Soup version 0.27.0-1-g7a089689b8 (webtiles) character file.

Game seed: 11718389713403367722

90 Spaninq the Gusty (level 4, 0/32 HPs)
             Began as a Palentonga Air Elementalist on Aug 8, 2021.
             Was a Believer of Sif Muna.
             Slain by a phantom (6 damage)
             ... on level 3 of the Dungeon.
             The game lasted 00:12:21 (2789 turns).

Spaninq the Gusty (Palentonga Air Elementalist)     Turns: 2789, Time: 00:12:22

Health: 0/32       AC:  4    Str: 11    XL:     4   Next: 32%
Magic:  0/7        EV:  9    Int: 16    God:    Sif Muna [**....]
Gold:   97         SH:  0    Dex: 11    Spells: 7/8 levels left

rFire    . . .     SeeInvis +   l - +0 rapier (venom)
rCold    . . .     Faith    .   (no shield)
rNeg     . . .     Spirit   .   a - +0 robe
rPois    .         Reflect  .   (no helmet)
rElec    .         Harm     .   (no cloak)
rCorr    .         Rampage  .   (no gloves)
Will     .....                  (no barding)
Stlth    ++........             (no amulet)
HPRegen  0.10/turn              (no ring)
MPRegen  0.10/turn              (no ring)

@: no status effects
A: large, rugged brown scales 3, see invisible, deformed body, roll 1, armoured
tail
a: Rolling Charge, Renounce Religion, Channel Magic


You were on level 3 of the Dungeon.
You worshipped Sif Muna.
Sif Muna was pleased with you.
You visited 1 branch of the dungeon, and saw 3 of its levels.

You collected 192 gold pieces.
You spent 95 gold pieces at shops.

Inventory:

Hand Weapons
 k - a +0 quarterstaff
 l - a +0 rapier of venom (weapon)
Missiles
 b - 4 silver boomerangs
Armour
 a - a +0 robe (worn)
 g - a +0 ring mail of fire resistance
Wands
 i - a wand of polymorph (3)
Scrolls
 c - a scroll of magic mapping {unknown}
 h - a scroll of amnesia {unknown}
 j - a scroll of teleportation {unknown}
Potions
 d - a potion of brilliance {unknown}
 e - a potion of might {unknown}
 f - a potion of invisibility {unknown}


   Skills:
 - Level 1.5 Dodging
 - Level 1.2 Stealth
 + Level 2.5 Spellcasting
 * Level 2.4 Conjurations
 * Level 3.3 Air Magic


You had 7 spell levels left.
You knew the following spells:

 Your Spells              Type           Power      Damage    Failure   Level
a - Shock                 Conj/Air       44%        1d5       6%          1

Your spell library contained the following spells:

 Spells                   Type           Power      Damage    Failure   Level
 Static Discharge         Conj/Air       11%        N/A       9%          2
 Swiftness                Air            12%        N/A       16%         3
 Sublimation of Blood     Necr           1%         N/A       30%         2
 Wereblood                Tmut           2%         N/A       30%         2
 Airstrike                Air            6%         N/A       45%         4
 Summon Hydra             Summ           1%         N/A       100%        7


Dungeon Overview and Level Annotations

Branches:
Dungeon (3/15)

Altars:
Kikubaaqudgha
Sif Muna
Trog

Shops:
D:2 (


Innate Abilities, Weirdness & Mutations

You are completely covered in rugged brown scales. (AC +3, +7% HP)
You have supernaturally acute eyesight. (SInv)
Armour fits poorly on your strangely shaped body.
You can roll at nearby foes to attack.
You have a long armoured tail.


Message History

Aiming: Shock (safe; 6% risk of failure)
Press: ? - help, Shift-Dir - straight line The zap hits the phantom.
The phantom is almost destroyed.
The zap misses the phantom.
The goblin shouts!
The bat barely misses you. The phantom hits you.
* * * LOW HITPOINT WARNING * * *
The phantom blinks!
You blink.
The bat hits you.
* * * LOW HITPOINT WARNING * * *
The bat closely misses you.
You closely miss the bat. The bat hits you but does no damage.
The bat closely misses you. The phantom closely misses you.
The bat closely misses you. The bat hits you.
* * * LOW HITPOINT WARNING * * *
The kobold hits you but does no damage. The bat hits you but does no damage.
The kobold hits you but does no damage. The bat closely misses you.
The kobold hits you with a +0 short sword.
* * * LOW HITPOINT WARNING * * *
The bat closely misses you. The bat hits you.
* * * LOW HITPOINT WARNING * * *
The bat hits you but does no damage.
The kobold throws a stone.
The stone closely misses you.
The kobold throws a stone.
The stone hits you but does no damage. The bat completely misses you.
The bat closely misses you.
Casting: Shock (safe; 6% risk of failure)
Confirm with . or Enter, or press ? or * to list all spells.
Aiming: Shock (safe; 6% risk of failure)
Press: ? - help, Shift-Dir - straight line, f - phantom
Aim: a phantom (almost destroyed, 56% to hit)
The zap misses the bat.
The zap misses the phantom.
Sif Muna accepts your kill.
You feel a bit more experienced. The bat hits you but does no damage.
You fail to use your ability.
The phantom hits you.
You die...

#........# #.# #........#
#. #.# #.......## #.
####.# ####.......# #.
#.##.# #..........#
#.#####.##.# #............
#.#..
!.##.####..........##
#.#.###.##.#..K....#######
#)#.<##.##@#.#.......#
#>o........W.........+
#.#..##.##.#.#.._....##
#......................
###..#####.#......#####
#..#####.##.....#
#.r......†......#
#..#..##.##.....#
#..#.<#####.....#


You could see a phantom.

Vanquished Creatures
  3 adders (D:2)
  2 worms (D:2)
  7 ball pythons
  7 endoplasms
  3 giant cockroaches (D:1)
  8 goblins
  2 hobgoblins (D:2)
  3 kobolds
  6 quokkas
  7 bats
  3 frilled lizards
  3 rats
54 creatures vanquished.

Notes
Turn   | Place    | Note
-------+----------+-------------------------------------------
     0 | D:1      | Spaninq the Palentonga Air Elementalist began the quest for
                  | the Orb.
     0 | D:1      | Reached XP level 1. HP: 13/13 MP: 3/3
    19 | D:1      | Reached skill level 1 in Conjurations
   182 | D:1      | Found a faded altar of an unknown god.
   186 | D:1      | Became a worshipper of Sif Muna the Loreminder
   186 | D:1      | Reached * piety under Sif Muna
   245 | D:1      | Reached XP level 2. HP: 15/20 MP: 1/5
  1162 | D:2      | Reached XP level 3. HP: 25/25 MP: 4/6
  1322 | D:2      | Reached ** piety under Sif Muna
  1411 | D:2      | Reached skill level 3 in Air Magic
  1886 | D:2      | Reached XP level 4. HP: 32/32 MP: 7/7
  1919 | D:2      | Found an ancient bone altar of Kikubaaqudgha.
  2397 | D:2      | Found Uphit's Weapon Emporium.
  2457 | D:2      | Bought a +0 rapier of venom for 95 gold pieces
  2725 | D:3      | Found a bloodstained altar of Trog.
  2725 | D:3      | Noticed a phantom
  2789 | D:3      | Slain by a phantom

Illustrated notes

Levels and vault maps discovered:
D:1:      minmay_arrival_doors, layout_basic, shapermc_ecumenical_altar_petra,
          minmay_tetromino_l4
D:2:      layout_loops_ring, serial_shops, nicolae_shop_behind_doors,
          basic_altar, minmay_hedge_maze, minmay_quadrilaterals
D:3:      layout_basic, mainiacjoe_overflow_boulevard, overflow_temple_1_default

Skill      XL: |  1  2  3 |
---------------+----------+-----
Conjurations   | 1 2 |  2.4
Air Magic      | 3 |  3.3
Dodging        | |  1.5
Stealth        | |  1.2
Spellcasting   | |  2.5

Action                   |  1- 3 |  4- 6 || total
-------------------------+-------+-------++-------
Melee: Dagger            |     9 |       ||     9
       Unarmed           |     3 |       ||     3
       Quarterstaff      |     1 |     3 ||     4
       Rapier            |       |     3 ||     3
       Tailslap          |       |     1 ||     1
 Cast: Shock             |    64 |    27 ||    91
Armor: Robe              |    32 |    16 ||    48
Dodge: Dodged            |    28 |    13 ||    41
